 Dungeon Crawl Stone Soup version 0.25.0-9-g26727b657a (webtiles) character file.

Game seed: 1955148745046340411

375 Grimalkyne the Fighter (level 6, 0/57 HPs)
             Began as a Gnoll Wanderer on June 19, 2020.
             Was an Initiate of Okawaru.
             Slain by an orc wizard
             ... wielding a +0 dagger
              (3 damage)
             ... on level 4 of the Dungeon.
             The game lasted 00:14:50 (4553 turns).

Grimalkyne the Fighter (Gnoll Wanderer)             Turns: 4553, Time: 00:14:50

Health: 0/57       AC:  7    Str: 15    XL:     6   Next: 73%
Magic:  9/9        EV: 11    Int: 17    God:    Okawaru [......]
Gold:   202        SH:  0    Dex: 13    Spells: 7/9 levels left

rFire    . . .     SeeInvis .   a - +2 hand axe
rCold    . . .     Gourm    .   (no shield)
rNeg     . . .     Faith    .   A - +0 ring mail
rPois    .         Spirit   .   y - +0 helmet
rElec    .         Reflect  .   (no cloak)
rCorr    .         Harm     .   (no gloves)
MR       .....                  p - +0 pair of boots
Stlth    ++........             (no amulet)
HPRegen  0.19/turn              (no ring)
MPRegen  0.11/turn              (no ring)

@: slowed, very slow
A: distributed training, fangs 1, strong nose
a: Renounce Religion


You were on level 4 of the Dungeon.
You worshipped Okawaru.
Okawaru was noncommittal.
You were not hungry.

You visited 1 branch of the dungeon, and saw 4 of its levels.

You collected 202 gold pieces.

Inventory:

Hand Weapons
 a - a +2 hand axe (weapon)
 e - a +0 dagger
Missiles
 d - a boomerang
 g - 226 stones
 m - 59 arrows
 q - 2 poisoned darts (quivered)
 w - 2 throwing nets
 x - 5 atropa-tipped darts
Armour
 p - a +0 pair of boots (worn)
 y - a +0 helmet (worn)
 A - a +0 ring mail (worn)
Jewellery
 n - an uncursed ring of resist corrosion {unknown}
Wands
 c - a wand of random effects (15)
Scrolls
 h - 2 scrolls of enchant armour {unknown}
 i - 3 scrolls of identify {unknown}
 k - 2 scrolls of teleportation {unknown}
 l - a scroll of amnesia {unknown}
 r - a scroll of magic mapping {unknown}
 u - a scroll of fog {unknown}
 B - a scroll of enchant weapon {unknown}
Potions
 b - 2 potions of lignification
 j - 2 potions of ambrosia {unknown}
 s - 2 potions of stabbing {unknown}
 t - 2 potions of mutation {unknown}
 v - 4 potions of curing
 z - 3 potions of haste {unknown}
 C - 2 potions of cancellation {unknown}
Comestibles
 f - 5 rations
 o - 2 chunks of flesh


   Skills:
 + Level 8.8 Fighting
 + Level 2.0 Short Blades
 + Level 2.0 Long Blades
 + Level 5.0 Axes
 + Level 2.0 Maces & Flails
 + Level 2.0 Polearms
 + Level 2.0 Staves
 + Level 2.0 Slings
 + Level 2.0 Bows
 + Level 2.0 Crossbows
 + Level 2.0 Throwing
 + Level 2.0 Armour
 + Level 2.0 Dodging
 + Level 4.6 Stealth
 + Level 3.3 Shields
 + Level 2.0 Unarmed Combat
 + Level 2.0 Spellcasting
 + Level 1.6 Conjurations
 + Level 1.6 Hexes
 + Level 1.6 Charms
 + Level 1.6 Summonings
 + Level 1.6 Necromancy
 + Level 1.6 Translocations
 + Level 1.6 Transmutations
 + Level 1.6 Fire Magic
 + Level 1.6 Ice Magic
 + Level 1.6 Air Magic
 + Level 1.6 Earth Magic
 + Level 1.6 Poison Magic
 + Level 2.2 Invocations
 + Level 3.3 Evocations


You had 7 spell levels left.
You knew the following spells:

 Your Spells              Type           Power        Failure   Level  Hunger
a - Ensorcelled Hibernat  Hex/Ice        #.....       28%         2    ###....

Your spell library contained the following spells:

 Spells                   Type           Power        Failure   Level  Hunger
 Corona                   Hex            #......      19%         1    #......
 Confusing Touch          Hex            #.......     50%         3    ###....
 Dazzling Flash           Conj/Hex       #.....       50%         3    ###....
 Tukima's Dance           Hex            #.......     50%         3    ###....


Dungeon Overview and Level Annotations

Branches:
Dungeon (4/15)             Temple (0/1) D:4

Altars:
Gozag
Okawaru
Qazlal
Sif Muna
Trog
Vehumet
Wu Jian
Xom


Innate Abilities, Weirdness & Mutations

Your experience applies equally to all skills.
You have very sharp teeth.
Your uncanny sense of smell can sniff out nearby items.


Message History

Things that are here:
a +0 club; an orc skeleton You slash the ogre!
The ogre is severely wounded.
The ogre hits you with a +0 giant club!
The orc wizard gestures wildly while chanting.
The orc wizard blinks!
The orc wizard points at you and mumbles some strange words.
The magic dart hits you! The ogre hits you with a +0 giant club!
* * * LOW HITPOINT WARNING * * *
The orc wizard gestures at you while chanting.
The magic dart hits you.
* * * LOW HITPOINT WARNING * * *
The orc wizard hits you but does no damage.
You barely miss the orc wizard.
The orc wizard is almost dead.
The orc wizard hits you with a +0 dagger.
* * * LOW HITPOINT WARNING * * *
The orc wizard hits you with a +0 dagger.
You die...

#.#####...###.##.#
#.# #.....#....#
##...#.######
#........##
#.######..# ##.#
##.## .... #..# ..
#..#####.# .#
#...@oO..#
#...##..#...# #
#o###.#...#
.?.##)..# ∆
#.#....# ##.##..#
∆#...#..#
.(#.##..# .(####.
..#


You could see an ogre and an orc wizard (fast).

Vanquished Creatures
  Terence (D:3)
  Natasha (thrice) (D:3)
  Robin (D:3)
  7 gnolls
  8 adders
  A river rat (D:3)
  2 oozes
  An adder skeleton (D:4)
  6 worms
  3 dart slugs
  5 leopard geckos
  2 orcs
  3 giant cockroaches
  11 goblins
  9 hobgoblins
  2 jackals (D:2)
  2 quokkas
  4 bats
  4 frilled lizards
  8 kobolds
  2 leopard gecko skeletons (D:4)
  A quokka skeleton (D:4)
  6 rats
92 creatures vanquished.

Notes
Turn   | Place    | Note
-------+----------+-------------------------------------------
     0 | D:1      | Grimalkyne the Gnoll Wanderer began the quest for the Orb.
     0 | D:1      | Grimalkyne set off with the following items: a +2 hand axe,
                  | a potion of lignification, a wand of random effects (15), a
                  | +0 robe, a +0 dagger, a ration
     0 | D:1      | Reached XP level 1. HP: 26/26 MP: 2/2
   291 | D:1      | Reached XP level 2. HP: 29/33 MP: 3/3
   953 | D:1      | Reached XP level 3. HP: 31/38 MP: 4/4
  1329 | D:2      | Reached skill level 1 in Invocations
  1440 | D:2      | Found a shimmering altar of Xom.
  1448 | D:2      | Found an iron altar of Okawaru.
  1448 | D:2      | Found an ornate altar of the Wu Jian Council.
  1449 | D:2      | Found a shimmering blue altar of Sif Muna.
  1453 | D:2      | Found an opulent altar of Gozag.
  1454 | D:2      | Reached skill level 1 in Short Blades
  1454 | D:2      | Reached skill level 1 in Long Blades
  1454 | D:2      | Reached skill level 1 in Maces & Flails
  1454 | D:2      | Reached skill level 1 in Polearms
  1454 | D:2      | Reached skill level 1 in Staves
  1454 | D:2      | Reached skill level 1 in Slings
  1454 | D:2      | Reached skill level 1 in Bows
  1454 | D:2      | Reached skill level 1 in Crossbows
  1454 | D:2      | Reached skill level 1 in Throwing
  1454 | D:2      | Reached skill level 1 in Armour
  1454 | D:2      | Reached skill level 1 in Dodging
  1454 | D:2      | Reached skill level 1 in Unarmed Combat
  1454 | D:2      | Reached skill level 1 in Spellcasting
  1465 | D:2      | Became a worshipper of Warmaster Okawaru
  1616 | D:2      | Reached XP level 4. HP: 45/45 MP: 6/6
  2008 | D:1      | Reached skill level 1 in Conjurations
  2008 | D:1      | Reached skill level 1 in Hexes
  2008 | D:1      | Reached skill level 1 in Charms
  2008 | D:1      | Reached skill level 1 in Summonings
  2008 | D:1      | Reached skill level 1 in Necromancy
  2008 | D:1      | Reached skill level 1 in Translocations
  2008 | D:1      | Reached skill level 1 in Transmutations
  2008 | D:1      | Reached skill level 1 in Fire Magic
  2008 | D:1      | Reached skill level 1 in Ice Magic
  2008 | D:1      | Reached skill level 1 in Air Magic
  2008 | D:1      | Reached skill level 1 in Earth Magic
  2008 | D:1      | Reached skill level 1 in Poison Magic
  2231 | D:2      | Reached XP level 5. HP: 51/51 MP: 7/7
  2428 | D:2      | Found a radiant altar of Vehumet.
  2724 | D:3      | Noticed Natasha
  3051 | D:3      | Found a bloodstained altar of Trog.
  3320 | D:3      | Noticed Terence
  3389 | D:3      | Killed Natasha
  3484 | D:3      | Noticed Robin
  3514 | D:3      | Reached XP level 6. HP: 36/57 MP: 8/8
  3522 | D:3      | Killed Robin
  3652 | D:3      | Noticed Natasha
  3662 | D:3      | Killed Natasha
  3689 | D:3      | Noticed Natasha
  3704 | D:3      | Killed Natasha
  3716 | D:3      | Killed Terence
  3716 | D:3      | Reached skill level 5 in Axes
  3724 | D:3      | Learned a level 2 spell: Ensorcelled Hibernation
  4363 | D:4      | Found a staircase to the Ecumenical Temple.
  4409 | D:4      | Found a stormy altar of Qazlal.
  4553 | D:4      | Slain by an orc wizard

Illustrated notes

Levels and vault maps discovered:
D:1:      saegor_arrival_simple_c, layout_loops_ring, st_stairs_3, nrook_uturn,
          kennysheep_boxes
D:2:      layout_basic, vehumet_crystals, minitemple
D:3:      layout_loops_ring, gup_sewer_entry_bowl, grunt_decor_cap,
          trog_butcher_becter, uniq_terence, uniq_robin, uniq_natasha
D:4:      layout_basic, nicolae_overflow_crystal_walls, temple_green,
          first_ration, serial_corexii_hall, corexii_hall_statues_l,
          corexii_hall_statues_i, minmay_pentomino_pile

Skill      XL: |  1  2  3  4  5  6 |
---------------+-------------------+-----
Invocations    | 1 2 |  2.2
Short Blades   | 1 2 |  2.0
Long Blades    | 1 2 |  2.0
Maces & Flails | 1 2 |  2.0
Polearms       | 1 2 |  2.0
Staves         | 1 2 |  2.0
Slings         | 1 2 |  2.0
Bows           | 1 2 |  2.0
Crossbows      | 1 2 |  2.0
Throwing       | 1 2 |  2.0
Armour         | 1 2 |  2.0
Dodging        | 1 2 |  2.0
Unarmed Combat | 1 2 |  2.0
Spellcasting   | 1 2 |  2.0
Conjurations   | 1 |  1.6
Hexes          | 1 |  1.6
Charms         | 1 |  1.6
Summonings     | 1 |  1.6
Necromancy     | 1 |  1.6
Translocations | 1 |  1.6
Transmutations | 1 |  1.6
Fire Magic     | 1 |  1.6
Ice Magic      | 1 |  1.6
Air Magic      | 1 |  1.6
Earth Magic    | 1 |  1.6
Poison Magic   | 1 |  1.6
Shields        | 3 |  3.3
Evocations     | 3 |  3.3
Axes           | 5 |  5.0
Fighting       | |  8.8
Stealth        | |  4.6

Action                   |  1- 3 |  4- 6 || total
-------------------------+-------+-------++-------
Melee: Hand axe          |    73 |   183 ||   256
       Bite              |     4 |    15 ||    19
       Punch             |       |     3 ||     3
       Unarmed           |       |    12 ||    12
Throw: Boomerang         |     1 |    35 ||    36
       Dart              |       |     9 ||     9
 Cast: Ensorcelled Hiber |       |     4 ||     4
 Stab: Sleeping          |     6 |    10 ||    16
       Distracted        |     1 |       ||     1
       Confused          |       |     1 ||     1
  Eat: Chunk             |     2 |    10 ||    12
Armor: Robe              |     5 |       ||     5
       Leather armour    |    15 |    46 ||    61
       Ring mail         |       |    12 ||    12
       Skin              |       |     3 ||     3
Dodge: Dodged            |    33 |   104 ||   137
